EL
NEW HAMPSHIRE FISHER CATS @ BIRMINGHAM BARONS
07/02/2049
 
TOP OF THE 1ST
New Hampshire Fisher Cats batting - Pitching for Birmingham Barons : RHP Mark Duffy
Pitching: RHP Mark Duffy
Batting: RHB John Hering 0-0: Swinging Strike
0-1: Ball
1-1: Called Strike
1-2: Strikes out looking
Batting: RHB Stephen Casteel 0-0: Ball
1-0: Swinging Strike
1-1: SINGLE (Groundball, 4S, EV 63.1 MPH) (infield hit)
Batting: RHB Chris Pounds 0-0: Ball
Stephen Casteel steals 2nd base
1-0: Ground out 5-3 (Groundball, 56, EV 82.5 MPH)
Batting: RHB Jon Aguilar 0-0: SINGLE (Line Drive, 4D, EV 96.2 MPH)
Stephen Casteel to third
Runner from 3rd tries for Home, SAFE, throw by CF to home
Batting: LHB Gabe Pace 0-0: Ball
1-0: Called Strike
Jon Aguilar steals 2nd base (no throw)
1-1: Ball
2-1: Ground out 4-3 (Groundball, 4, EV 112.5 MPH)
Top of the 1st over - 1 run, 2 hits, 0 errors, 1 left on base; New Hampshire 1 - Birmingham 0
BOTTOM OF THE 1ST
Birmingham Barons batting - Pitching for New Hampshire Fisher Cats : LHP Hideharu Omoto
Pitching: LHP Hideharu Omoto
Batting: RHB Ron Johansen 0-0: Ball
1-0: Called Strike
1-1: Swinging Strike
1-2: Ball
2-2: Ball
3-2: Foul Ball, location: 2F
3-2: DOUBLE (Line Drive, 7LM, EV 100.0 MPH)
Batting: SHB Veit Geisler 0-0: Called Strike
0-1: Ball
1-1: Foul Ball, location: 2F
1-2: Foul Ball, location: 2F
1-2: SINGLE (Line Drive, 8RS, EV 111.2 MPH)
Ron Johansen to third
Batting: SHB Ruben Velasco Jr. 0-0: Ball
1-0: Ball
2-0: Called Strike
2-1: Ball
3-1: Foul Ball, location: 2F
3-2: Base on Balls
Veit Geisler to second
Batting: RHB Vic Lucatero 0-0: Swinging Strike
0-1: Foul Ball, location: 2F
0-2: Fly out, F9 (Flyball, 9, EV 88.1 MPH)
Batting: LHB Carlos Ramirez 0-0: Ball
1-0: Called Strike
1-1: Foul Ball, location: 2F
1-2: Ball
2-2: Foul Ball, location: 2F
2-2: GRAND SLAM HOME RUN (Flyball, 9LD, EV 101.9 MPH), Distance : 393 ft
Batting: RHB Jose Medina 0-0: Ball
1-0: Called Strike
1-1: Ball
2-1: Swinging Strike
2-2: Ball
3-2: Strikes out swinging
Batting: LHB Matt Hyde 0-0: Foul Ball, location: 2F
0-1: Called Strike
0-2: Ball
1-2: Fly out, F6 (Line Drive, 56D, EV 73.8 MPH)
Bottom of the 1st over - 4 runs, 3 hits, 0 errors, 0 left on base; New Hampshire 1 - Birmingham 4
TOP OF THE 2ND
New Hampshire Fisher Cats batting - Pitching for Birmingham Barons : RHP Mark Duffy
Batting: SHB Gregg Whitecotton 0-0: Ball
1-0: Ground out 3-1 (Groundball, 34S, EV 69.4 MPH)
Batting: RHB Chris Martin 0-0: Swinging Strike
0-1: Swinging Strike
0-2: Foul Ball, location: 2F
0-2: Ball
1-2: Ball
2-2: Strikes out looking
Batting: RHB Marcos Villalobos 0-0: Called Strike
0-1: Foul Ball, location: 2F
0-2: Ground out 6-3 (Groundball, 6, EV 83.8 MPH)
Top of the 2nd over - 0 runs, 0 hits, 0 errors, 0 left on base; New Hampshire 1 - Birmingham 4
BOTTOM OF THE 2ND
Birmingham Barons batting - Pitching for New Hampshire Fisher Cats : LHP Hideharu Omoto
Batting: LHB Dalton Silveira 0-0: Ground out 4-3 (Groundball, 34, EV 85.6 MPH)
Batting: RHB Trevor Conklin 0-0: Reached on error, E4 (Groundball, 4, EV 95.6 MPH)
Batting: RHB Ron Johansen 0-0: Ball
1-0: Ball
2-0: Foul Ball, location: 2F
2-1: Swinging Strike
2-2: Strikes out looking
Batting: SHB Veit Geisler 0-0: Ground out 5-3 (Groundball, 56S, EV 89.4 MPH)
Bottom of the 2nd over - 0 runs, 0 hits, 1 error, 1 left on base; New Hampshire 1 - Birmingham 4
TOP OF THE 3RD
New Hampshire Fisher Cats batting - Pitching for Birmingham Barons : RHP Mark Duffy
Batting: RHB Justin Powell 0-0: Ball
1-0: SINGLE (Groundball, 4MD, EV 96.2 MPH) (infield hit)
Batting: RHB John Hering 0-0: Ball
Justin Powell is caught stealing 2nd base 2-4
1-0: Ball
2-0: Called Strike
2-1: SINGLE (Groundball, 6S, EV 62.5 MPH) (infield hit)
Batting: RHB Stephen Casteel 0-0: Ball
John Hering steals 2nd base (no throw)
1-0: Ball
2-0: Called Strike
2-1: Foul Ball, location: 2F
2-2: Ground out 4-3 (Groundball, 4, EV 100.6 MPH)
John Hering to third
Batting: RHB Chris Pounds 0-0: Called Strike
0-1: Ball
1-1: Foul Ball, location: 2F
1-2: Foul Ball, location: 2F
1-2: Foul Ball, location: 2F
1-2: Ground out 3-1 (Groundball, 34, EV 83.8 MPH)
Top of the 3rd over - 0 runs, 2 hits, 0 errors, 1 left on base; New Hampshire 1 - Birmingham 4
BOTTOM OF THE 3RD
Birmingham Barons batting - Pitching for New Hampshire Fisher Cats : LHP Hideharu Omoto
Batting: SHB Ruben Velasco Jr. 0-0: Ball
1-0: Called Strike
1-1: Foul Ball, location: 2F
1-2: Foul Ball, location: 2F
1-2: Foul Ball, location: 2F
1-2: Ball
2-2: Foul Ball, location: 2F
2-2: Foul Ball, location: 2F
2-2: Reached on error, E4 (Groundball, 4, EV 89.4 MPH)
Batting: RHB Vic Lucatero 0-0: Called Strike
0-1: Fly out, F7 (Flyball, 78D, EV 103.8 MPH)
Batting: LHB Carlos Ramirez 0-0: Ball
1-0: Called Strike
1-1: SINGLE (Groundball, 6M, EV 85.0 MPH) (infield hit)
Ruben Velasco Jr. to third
Batting: RHB Jose Medina 0-0: Ball
1-0: Called Strike
1-1: Fielders Choice at 2nd, 5-4 (Groundball, 56, EV 87.5 MPH)
Ruben Velasco Jr. scores
Batting: LHB Matt Hyde 0-0: Called Strike
0-1: Fly out, F7 (Flyball, 7, EV 90.6 MPH)
Bottom of the 3rd over - 1 run, 1 hit, 1 error, 1 left on base; New Hampshire 1 - Birmingham 5
TOP OF THE 4TH
New Hampshire Fisher Cats batting - Pitching for Birmingham Barons : RHP Mark Duffy
Batting: RHB Jon Aguilar 0-0: Fly out, F8 (Line Drive, 8LD, EV 106.9 MPH)
Batting: LHB Gabe Pace 0-0: Ball
1-0: Fly out, F9 (Flyball, 9S, EV 85.6 MPH)
Batting: SHB Gregg Whitecotton 0-0: Swinging Strike
0-1: Ball
1-1: Foul Ball, location: 2F
1-2: Ball
2-2: DOUBLE (Flyball, 89XD, EV 95.6 MPH)
Batting: RHB Chris Martin 0-0: Ball
1-0: Foul Ball, location: 2F
1-1: DOUBLE (Flyball, 8RXD, EV 110.6 MPH)
Gregg Whitecotton scores
Batting: RHB Marcos Villalobos 0-0: Foul Ball, location: 2F
0-1: Called Strike
0-2: Strikes out swinging
Top of the 4th over - 1 run, 2 hits, 0 errors, 1 left on base; New Hampshire 2 - Birmingham 5
BOTTOM OF THE 4TH
Birmingham Barons batting - Pitching for New Hampshire Fisher Cats : LHP Hideharu Omoto
Batting: LHB Dalton Silveira 0-0: Ball
1-0: Foul Ball, location: 2F
1-1: Ball
2-1: Ground out 6-3 (Groundball, 6M, EV 83.1 MPH)
Batting: RHB Trevor Conklin 0-0: Swinging Strike
0-1: Called Strike
0-2: Ball
1-2: Ball
2-2: Strikes out looking
Batting: RHB Ron Johansen 0-0: Ball
1-0: Ball
2-0: Ground out 6-3 (Groundball, 6, EV 111.2 MPH)
Bottom of the 4th over - 0 runs, 0 hits, 0 errors, 0 left on base; New Hampshire 2 - Birmingham 5
TOP OF THE 5TH
New Hampshire Fisher Cats batting - Pitching for Birmingham Barons : RHP Mark Duffy
Batting: RHB Justin Powell 0-0: Foul Ball, location: 2F
0-1: Fly out, F9 (Line Drive, 9LM, EV 95.0 MPH)
Batting: RHB John Hering 0-0: Ball
1-0: Swinging Strike
1-1: Fly out, F8 (Flyball, 8LD, EV 101.2 MPH)
Batting: RHB Stephen Casteel 0-0: Foul Ball, location: 2F
0-1: Fly out, F3 (Popup, 3F, EV 65.6 MPH)
Top of the 5th over - 0 runs, 0 hits, 0 errors, 0 left on base; New Hampshire 2 - Birmingham 5
BOTTOM OF THE 5TH
Birmingham Barons batting - Pitching for New Hampshire Fisher Cats : LHP Hideharu Omoto
Batting: SHB Veit Geisler 0-0: Called Strike
0-1: Swinging Strike
0-2: Ball
1-2: Ball
2-2: Foul Ball, location: 2F
2-2: Strikes out swinging, 2-3 out at first.
Batting: SHB Ruben Velasco Jr. 0-0: Foul Ball, location: 2F
0-1: SINGLE (Groundball, 4MD, EV 105.0 MPH)
Batting: RHB Vic Lucatero 0-0: Ball
1-0: DOUBLE (Flyball, 78XD, EV 107.5 MPH)
Ruben Velasco Jr. to third
Batting: LHB Carlos Ramirez 0-0: Ball
1-0: Foul Ball, location: 2F
1-1: Ball
2-1: Fly out, F9 (Flyball, 9D, EV 92.5 MPH)
Runner from 3rd tags up, SCORES, no throw by RF
Vic Lucatero to third
Batting: RHB Jose Medina 0-0: Ball
1-0: Ball
2-0: Called Strike
2-1: Ball
3-1: Ground out 5-3 (Groundball, 56S, EV 83.8 MPH)
Bottom of the 5th over - 1 run, 2 hits, 0 errors, 1 left on base; New Hampshire 2 - Birmingham 6
TOP OF THE 6TH
New Hampshire Fisher Cats batting - Pitching for Birmingham Barons : RHP Mark Duffy
Batting: RHB Chris Pounds 0-0: Ball
1-0: Ground out U3 (Groundball, 3S, EV 88.8 MPH)
Batting: RHB Jon Aguilar 0-0: Swinging Strike
0-1: Swinging Strike
0-2: Ball
1-2: Strikes out swinging
Batting: LHB Gabe Pace 0-0: Ball
1-0: Ball
2-0: Called Strike
2-1: Ball
3-1: Base on Balls
Batting: SHB Gregg Whitecotton 0-0: Called Strike
Gabe Pace is caught stealing 2nd base 2-6
Top of the 6th over - 0 runs, 0 hits, 0 errors, 0 left on base; New Hampshire 2 - Birmingham 6
BOTTOM OF THE 6TH
Birmingham Barons batting - Pitching for New Hampshire Fisher Cats : LHP Hideharu Omoto
Pitching: LHP Eddie Muniz
Batting: LHB Matt Hyde 0-0: Called Strike
0-1: Ball
1-1: SINGLE (Groundball, 4MD, EV 106.9 MPH)
Batting: LHB Dalton Silveira 0-0: Foul Ball, location: 2F
0-1: Ball
1-1: Called Strike
1-2: Foul Ball, location: 2F
1-2: Strikes out looking
Batting: RHB Trevor Conklin 0-0: Ball
1-0: Fly out, F7 (Flyball, 7S, EV 88.1 MPH)
Batting: RHB Ron Johansen 0-0: Called Strike
0-1: Ball
Matt Hyde is caught stealing 2nd base 2-4
Bottom of the 6th over - 0 runs, 1 hit, 0 errors, 0 left on base; New Hampshire 2 - Birmingham 6
TOP OF THE 7TH
New Hampshire Fisher Cats batting - Pitching for Birmingham Barons : RHP Mark Duffy
Batting: SHB Gregg Whitecotton 0-0: Ball
1-0: Fly out, F7 (Flyball, 7S, EV 83.8 MPH)
Batting: RHB Chris Martin 0-0: Ball
1-0: Ball
2-0: Ball
3-0: Base on Balls
Batting: RHB Marcos Villalobos 0-0: Fielders Choice at 2nd, 4-6 (Groundball, 34, EV 83.1 MPH)
Batting: RHB Justin Powell 0-0: Ball
1-0: Called Strike
1-1: Called Strike
Marcos Villalobos steals 2nd base
1-2: Foul Ball, location: 2F
1-2: Ball
2-2: Fly out, F8 (Flyball, 89D, EV 86.2 MPH)
Top of the 7th over - 0 runs, 0 hits, 0 errors, 1 left on base; New Hampshire 2 - Birmingham 6
BOTTOM OF THE 7TH
Birmingham Barons batting - Pitching for New Hampshire Fisher Cats : LHP Eddie Muniz
Batting: RHB Ron Johansen 0-0: Ball
1-0: Called Strike
1-1: Ball
2-1: Ball
3-1: Foul Ball, location: 2F
3-2: Base on Balls
Batting: SHB Veit Geisler 0-0: Ball
1-0: DOUBLE (Flyball, 8LXD, EV 108.1 MPH)
Ron Johansen to third
Runner from 3rd tries for Home, throw by CF and OUT! 8-6-2
Veit Geisler to third
Batting: SHB Ruben Velasco Jr. 0-0: Ball
1-0: Called Strike
1-1: Foul Ball, location: 2F
1-2: Strikes out swinging
Batting: RHB Vic Lucatero 0-0: Ball
1-0: Ball
2-0: Swinging Strike
2-1: Ball
3-1: Ground out 4-3 (Groundball, 4, EV 84.4 MPH)
Bottom of the 7th over - 0 runs, 1 hit, 0 errors, 1 left on base; New Hampshire 2 - Birmingham 6
TOP OF THE 8TH
New Hampshire Fisher Cats batting - Pitching for Birmingham Barons : RHP Mark Duffy
Batting: RHB John Hering 0-0: Ball
1-0: Foul Ball, location: 2F
1-1: SOLO HOME RUN (Flyball, 7D, EV 95.6 MPH), Distance : 387 ft
Pitching: LHP Matt Schwartz
Batting: RHB Stephen Casteel 0-0: Ball
1-0: Foul Ball, location: 2F
1-1: Ball
2-1: Ball
3-1: Base on Balls
Batting: RHB Chris Pounds 0-0: Swinging Strike
0-1: Foul Ball, location: 2F
0-2: Ball
1-2: Strikes out swinging
Batting: RHB Jon Aguilar 0-0: Ball
1-0: Grounds into double play, 6-4-3 (Groundball, 6, EV 89.4 MPH)
Top of the 8th over - 1 run, 1 hit, 0 errors, 0 left on base; New Hampshire 3 - Birmingham 6
BOTTOM OF THE 8TH
Birmingham Barons batting - Pitching for New Hampshire Fisher Cats : LHP Eddie Muniz
Batting: LHB Carlos Ramirez 0-0: Called Strike
0-1: Fly out, F9 (Flyball, 89M, EV 96.2 MPH)
Batting: RHB Jose Medina 0-0: Ball
1-0: Ball
2-0: SINGLE (Flyball, 5D, EV 95.6 MPH)
Batting: LHB Matt Hyde 0-0: Called Strike
0-1: Called Strike
0-2: Ball
1-2: Ball
Jose Medina is caught stealing 2nd base 2-6
2-2: Ball
3-2: Strikes out swinging
Bottom of the 8th over - 0 runs, 1 hit, 0 errors, 0 left on base; New Hampshire 3 - Birmingham 6
TOP OF THE 9TH
New Hampshire Fisher Cats batting - Pitching for Birmingham Barons : LHP Matt Schwartz
Pitching: LHP Amari Miller
Batting: LHB Gabe Pace 0-0: Ball
1-0: Swinging Strike
1-1: Ball
2-1: Called Strike
2-2: Foul Ball, location: 2F
2-2: Foul Ball, location: 2F
2-2: Strikes out swinging
Batting: SHB Gregg Whitecotton 0-0: Ball
1-0: Swinging Strike
1-1: Swinging Strike
1-2: Strikes out looking
Batting: RHB Chris Martin 0-0: Ball
1-0: Ground out 6-3 (Groundball, 56D, EV 100.0 MPH)
Top of the 9th over - 0 runs, 0 hits, 0 errors, 0 left on base; New Hampshire 3 - Birmingham 6
Sunday, July 16th , 2023 - OOTP Baseball 24.6 Build 69